 Dungeon Crawl Stone Soup version 0.19-a0-1206-g6bcb79c (webtiles) character file.

105 nubinia the Conjurer (level 4, -1/24 HPs)
             Began as a Tengu Conjurer on Aug 21, 2016.
             Slain by Natasha (10 damage)
             ... on level 2 of the Dungeon.
             The game lasted 00:07:23 (2251 turns).

nubinia the Conjurer (Tengu Conjurer)               Turns: 2251, Time: 00:07:24

Health: -1/24      AC:  2    Str:  9    XL:     4   Next: 83%
Magic:  3/8        EV: 13    Int: 16    God:
Gold:   44         SH:  0    Dex: 14    Spells: 2 memorised, 4 levels left

rFire  . . .     SeeInvis .     e - +0 short sword
rCold  . . .     Gourm    .     a - +0 robe
rNeg   . . .     Faith    .     (no shield)
rPois  .         Spirit   .     (helmet restricted)
rElec  .         Dismiss  .     (no cloak)
rCorr  .         Reflect  .     (no gloves)
MR     .....     Harm     .     (boots unavailable)
Stlth  ++........               (no amulet)
                                (no ring)
                                (no ring)

@: no status effects
A: beak, talons 3
a: no special abilities


You were on level 2 of the Dungeon.
You were hungry.

You visited 1 branch of the dungeon, and saw 2 of its levels.

You collected 44 gold pieces.

Inventory:

Hand Weapons
 e - a +0 short sword (weapon)
Armour
 a - a +0 robe (worn)
Scrolls
 d - a scroll of fog {unknown}
 g - a scroll of immolation {unknown}
 h - a scroll of remove curse
 o - a scroll of fear {unknown}
 r - a scroll of enchant armour {unknown}
Potions
 f - a potion of invisibility {unknown}
 j - a potion of lignification {unknown}
 l - a potion of might {unknown}
 m - a potion of cure mutation
 n - a potion of curing
Books
 b - a book of Conjurations

   Spells                             Type                      Level
   a - Magic Dart                     Conjuration                  1
   b - Searing Ray                    Conjuration                  2
   c - Dazzling Spray                 Conjuration/Hexes            3
   d - Fulminant Prism                Conjuration/Hexes            4
   e - Iskenderun's Mystic Blast      Conjuration                  4
   f - Iskenderun's Battlesphere      Conjuration/Charms           5
Comestibles
 c - 2 bread rations
 i - 4 meat rations
 k - 2 chunks of flesh
 p - 4 fruits
 q - a beef jerky


   Skills:
 + Level 0.4 Fighting
 + Level 2.8 Dodging
 + Level 2.2 Stealth
 + Level 2.6 Spellcasting
 + Level 6.9 Conjurations


You had 4 spell levels left.
You knew the following spells:

 Your Spells              Type           Power        Failure   Level  Hunger
a - Magic Dart            Conj           ###.         1%          1    #......
b - Dazzling Spray        Conj/Hex       ##....       14%         3    ###....


Dungeon Overview and Level Annotations

Branches:
Dungeon (2/15)

Altars:

Annotations:
D:2 Natasha


Innate Abilities, Weirdness & Mutations

You have a beak for a mouth.
You have claws for feet.


Message History

Natasha claws you.
You hit Natasha. Your kick misses Natasha. Your peck misses Natasha.
Natasha is severely wounded.
Natasha is no longer blind.
Natasha closely misses you.
You hit Natasha.
Natasha is almost dead.
Natasha casts a spell at you. The magic dart hits you!
Unknown command.
Unknown command.
Unknown command.
Casting: Dazzling Spray
Confirm with . or Enter, or press ? or * to list all spells.
Aiming: Dazzling Spray
Press: ? - help, Shift-Dir - straight line, f/p - Natasha
Aim: Natasha (almost dead)
The spray of energy misses Natasha.
You are feeling hungry.
Natasha claws you!
You die...

#####.....##.# #..##...#
......##..##.# #........
#####.##...#.# #........
#.##...#.############........
#.##...............h.(###....
#............########## #...#
#.........##.# #...#
#..........#h# ###.#
####...#.#.#@# ##.
#.........# #. #...#.#...# #.
###.......# #. #.......# #.
#.###...########### #. #.#
#.........(...#####.
#.###.....†...###.......
#.....#####....".......†


You could see Natasha.

Vanquished Creatures
  Natasha (D:2)
  2 adders (D:2)
  2 oozes (D:2)
  3 dart slugs
  2 giant geckos
  3 giant cockroaches (D:1)
  5 goblins
  3 hobgoblins
  3 jackals (D:1)
  A ball python (D:2)
  6 bats
  2 giant newts (D:2)
  4 kobolds
  A quokka skeleton (D:2)
  11 rats
49 creatures vanquished.

Notes
Turn   | Place    | Note
-------+----------+-------------------------------------------
     0 | D:1      | nubinia the Tengu Conjurer began the quest for the Orb.
     0 | D:1      | Reached XP level 1. HP: 10/10 MP: 4/4
   181 | D:1      | Reached XP level 2. HP: 15/15 MP: 3/6
   465 | D:1      | Reached skill level 6 in Conjurations
   735 | D:1      | Reached XP level 3. HP: 14/19 MP: 1/7
   818 | D:1      | Learned a level 3 spell: Dazzling Spray
  1213 | D:2      | Noticed Natasha
  1594 | D:2      | Reached XP level 4. HP: 24/24 MP: 3/8
  2150 | D:2      | Killed Natasha
  2235 | D:2      | Noticed Natasha
  2251 | D:2      | Slain by Natasha

Vault maps used:
D:1:      evilmike_arrival_fibonacci_small, kennysheep_crisscross
D:2:      grunt_ministairs_4, uniq_natasha

Skill      XL: |  1  2 |
---------------+-------+-----
Conjurations   | 6 |  6.9
Fighting       | |  0.4
Dodging        | |  2.8
Stealth        | |  2.2
Spellcasting   | |  2.6

Action                   |  1- 3 |  4- 6 || total
-------------------------+-------+-------++-------
Melee: Short sword       |     6 |    18 ||    24
       Kick              |     1 |     3 ||     4
       Peck              |       |     1 ||     1
 Cast: Magic Dart        |    65 |    21 ||    86
       Dazzling Spray    |       |     2 ||     2
  Use: Scroll            |     3 |       ||     3
 Stab: Sleeping          |     4 |       ||     4
       Invisible         |       |     1 ||     1
  Eat: Chunk             |     3 |     2 ||     5
Armor: Robe              |     7 |     3 ||    10
Dodge: Dodged            |     6 |    16 ||    22
